 Dungeon Crawl Stone Soup version 0.22-a0-109-gbeb7240 (webtiles) character file.

6443 Sergey the Geomancer (level 10, -7/81 HPs)
             Began as a Ghoul Earth Elementalist on Jan 26, 2018.
             Was a High Priest of Cheibriados.
             Mangled by a two-headed ogre
             ... wielding a +0 giant club
              (16 damage)
             ... on level 9 of the Dungeon.
             The game lasted 01:05:57 (5141 turns).

Sergey the Geomancer (Ghoul Earth Elementalist)     Turns: 5141, Time: 01:05:58

Health: -7/81      AC: 11    Str: 26    XL:     10   Next: 99%
Magic:  4/19       EV: 12    Int: 26    God:    Cheibriados [*****.]
Gold:   200        SH:  8    Dex: 22    Spells: 4/23 levels left

rFire    . . .     SeeInvis .   s - +0 fustibalus
rCold    + + .     Gourm    .   N - +2 buckler
rNeg     + + +     Faith    .   J - +2 ring mail {MR+}
rPois    ∞         Spirit   .   G - +0 helmet
rElec    .         Reflect  .   R - +0 cloak
rCorr    .         Harm     .   (no gloves)
MR       +....                  K - +1 pair of boots
Stlth    ++........             (no amulet)
HPRegen  0.00/turn              I - ring of protection from cold
MPRegen  0.16/turn              (no ring)

@: rotting, very slow
A: rotting body, claws 1, carnivore, cold resistance 1, negative energy
resistance 3, inhibited regeneration, torment resistance, unbreathing
a: Bend Time, Temporal Distortion, Slouch, Step From Time, Renounce Religion


You were on level 9 of the Dungeon.
You worshipped Cheibriados.
Cheibriados was extremely pleased with you.
You were not hungry.

You visited 1 branch of the dungeon, and saw 9 of its levels.
You also visited: Ossuary.

You collected 388 gold pieces.
You spent 188 gold pieces at shops.

Inventory:

Hand Weapons
 a - a +0 blowgun
 c - a cursed +0 flail
 s - a +0 fustibalus (weapon)
 w - a +2 vampiric dagger
 F - a +2 dagger of venom
Missiles
 b - 81 stones
 i - 28 sling bullets (quivered)
 p - a throwing net {!f}
 C - 8 poisoned needles
 E - 2 needles of confusion
Armour
 y - +0 acid dragon scales
 G - a +0 helmet (worn)
 J - a +2 ring mail of magic resistance (worn)
 K - a +1 pair of boots (worn)
 N - a +2 buckler (worn)
 R - a +0 cloak (worn)
Jewellery
 I - a ring of protection from cold (left claw)
Wands
 m - a wand of enslavement (10)
 v - a wand of flame (47)
Scrolls
 f - 4 scrolls of remove curse {@r2}
 g - a scroll of immolation {unknown}
 h - 2 scrolls of noise {unknown}
 k - 2 scrolls of amnesia {unknown}
 o - 3 scrolls of teleportation {@r3}
 r - a scroll of fear {unknown}
 z - a scroll of magic mapping
 A - 2 scrolls of fog {unknown}
 B - 4 scrolls of enchant weapon
 D - a scroll of blinking {unknown}
Potions
 j - 5 potions of heal wounds {@q1}
 l - 2 potions of brilliance
 n - 2 potions of might
 q - a potion of flight {unknown}
 t - 2 potions of agility {unknown}
 x - 6 potions of curing {@q2}
 M - a potion of haste {unknown}
Books
 e - a book of Geomancy

   Spells                             Type                      Level
   a - Sandblast                      Earth                        1
   b - Passwall                       Transmutation/Earth          2
   c - Stone Arrow                    Conjuration/Earth            3
   d - Petrify                        Transmutation/Earth          4
   e - Lee's Rapid Deconstruction     Earth                        5
 O - a book of Callings

   Spells                             Type                      Level
   a - Summon Small Mammal            Summoning                    1
   b - Call Imp                       Summoning                    2
   c - Call Canine Familiar           Summoning                    3
   d - Summon Guardian Golem          Hexes/Summoning              3
   e - Summon Lightning Spire         Summoning/Air                4
   f - Summon Ice Beast               Ice/Summoning                4
 Q - a book of Conjurations

   Spells                             Type                      Level
   a - Magic Dart                     Conjuration                  1
   b - Searing Ray                    Conjuration                  2
   c - Dazzling Spray                 Conjuration/Hexes            3
   d - Fulminant Prism                Conjuration/Hexes            4
   e - Force Lance                    Conjuration/Translocation    4
   f - Iskenderun's Mystic Blast      Conjuration                  4
Comestibles
 d - 11 rations
 u - a chunk of flesh


   Skills:
 - Level 5.0 Fighting
 - Level 2.1 Armour
 - Level 2.0 Dodging
 - Level 2.1 Stealth
 + Level 3.9 Shields
 + Level 7.1 Spellcasting
 - Level 3.1 Conjurations
 + Level 1.1 Summonings
 - Level 0.8 Transmutations
 + Level 1.0 Air Magic
 - Level 10.0 Earth Magic
 - Level 6.0 Invocations
 + Level 3.6 Evocations


You had 4 spell levels left.
You knew the following spells:

 Your Spells              Type           Power        Failure   Level  Hunger
a - Sandblast             Erth           ######       1%          1    None
b - Petrify               Tmut/Erth      #####...     10%         4    ###....
d - Lee's Rapid Deconstr  Erth           ######....   4%          5    #####..
h - Passwall              Tmut/Erth      #####.....   1%          2    None
r - Summon Lightning Spi  Summ/Air       ###.....     52%         4    ###....
z - Stone Arrow           Conj/Erth      #####.       1%          3    None


Dungeon Overview and Level Annotations

Branches:
Dungeon (9/15)             Temple (0/1) D:7
   Lair: D:8-11         Orc: D:9-12

Altars:
Ashenzari
Cheibriados
Fedhas
Gozag
Hepliaklqana
Kikubaaqudgha
Makhleb
Okawaru
Sif Muna
Uskayaw
Xom
Zin

Shops:
D:5 [   D:7 =

Annotations:
D:4 Pikel
D:8 Erica, Gastronok


Innate Abilities, Weirdness & Mutations

Your body is rotting away.
You thrive on raw meat.
You are immune to poison.
You have sharp fingernails.
You are carnivorous and can eat meat at any time.
Your flesh is cold resistant. (rC+)
You are immune to negative energy. (rN+++)
You do not regenerate when monsters are visible.
You are immune to unholy pain and torment.
You can survive without breathing.


Message History

You eat one of the 3 chunks of flesh.
This raw flesh tastes great!
The two-headed ogre barely misses you. The two-headed ogre closely misses you.
Eat one of 2 chunks of flesh? (ye/n/q)
You eat one of the 2 chunks of flesh.
This raw flesh tastes great!
The two-headed ogre hits you with a giant club!
The two-headed ogre hits you with a giant club!!
* * * LOW HITPOINT WARNING * * *
Evoke which item? (* to show all) (? for menu, Esc to quit)
Aiming: Enslavement (very dangerous; 67% risk of failure)
Press: ? - help, Shift-Dir - straight line, f/p - two-headed ogre
Aim: a two-headed ogre, wielding two giant clubs (moderately wounded, chance to defeat MR: 38%)
The two-headed ogre resists with some effort.
Your magical contamination has completely faded away.
Evoke which item? (* to show all) (? for menu, Esc to quit)
Aiming: Enslavement (very dangerous; 67% risk of failure)
Press: ? - help, Shift-Dir - straight line, f/p - two-headed ogre
Aim: a two-headed ogre, wielding two giant clubs (moderately wounded, chance to defeat MR: 38%)
The two-headed ogre resists with some effort.
The two-headed ogre hits you with a giant club!
You die...

##[[.#.# #..###.O.............
.##.)...###..###..............##
##. #.....#... ##..(.........)..#
##..###)...#.####...(.........[.##
......[.........#...(............#
##.###....(..##.#................#
#.##..#..#.(......(<............#
#.##....>...##(O..............>##
##.##..####...###@.............##
.......# ##...##.............##
.......# #.#.##.........#####
......## #...##............#
......... ....................#
......### ###.............#####
......# #............## ......#
##....#.....## ......#
#....#######


You could see a two-headed ogre.

Vanquished Creatures
  2 two-headed ogres (D:8)
  Maurice (D:9)
  Prince Ribbit (D:7)
  2 hippogriffs (D:9)
  Sigmund (D:3)
  Grum (D:8)
  A hungry ghost (D:8)
  A black bear (D:9)
  5 sky beasts
  A slave (D:4)
  An orc warrior (D:7)
  2 ice beasts
  2 phantoms (D:8)
  2 wolves (D:8)
  5 centaurs
  3 ogres
  A gnoll sergeant (D:7)
  A bullfrog (D:6)
  A wyvern zombie (D:7)
  2 water moccasin zombies
  2 scorpions
  4 wights
  A howler monkey (D:9)
  2 crimson imps
  A quasit (D:7)
  8 hounds
  4 orc priests
  2 jellies
  3 iguanas
  3 worker ants
  11 orc wizards
  2 big kobold zombies (Ossuary)
  A hound skeleton (D:6)
  Robin (D:3)
  2 mummies (Ossuary)
  16 gnolls
  11 adders
  3 shadow imps
  An ooze (D:2)
  5 adder zombies (Ossuary)
  2 adder skeletons
  3 leopard geckos
  25 orcs
  A ball python (D:5)
  6 bats
  4 giant cockroaches
  4 gnoll zombies (Ossuary)
  13 goblins
  2 hobgoblins
  3 jackals (D:6)
  2 quokkas
  4 frilled lizards
  6 hobgoblin zombies (Ossuary)
  A jackal skeleton (D:4)
  5 kobolds
  6 kobold zombies (Ossuary)
  3 orc zombies (Ossuary)
  11 rats
220 creatures vanquished.

Vanquished Creatures (collateral kills)
  An ice beast (D:9)
1 creature vanquished.

Grand Total: 221 creatures vanquished

Notes
Turn   | Place    | Note
-------+----------+-------------------------------------------
     0 | D:1      | Sergey the Ghoul Earth Elementalist began the quest for the Orb.
     0 | D:1      | Reached XP level 1. HP: 14/14 MP: 2/2
   503 | D:2      | Reached XP level 2. HP: 20/20 MP: 2/4
   777 | D:2      | Found an iron altar of Okawaru.
   786 | D:2      | Reached XP level 3. HP: 26/26 MP: 1/5
   791 | D:2      | Reached skill level 4 in Earth Magic
   844 | D:2      | Reached XP level 4. HP: 32/33 MP: 2/7
  1044 | D:2      | Learned a level 3 spell: Stone Arrow
  1311 | D:3      | Found a snail-covered altar of Cheibriados.
  1322 | D:3      | Became a worshipper of Cheibriados the Contemplative
  1390 | D:3      | Noticed Sigmund
  1402 | D:3      | Killed Sigmund
  1402 | D:3      | Reached skill level 5 in Earth Magic
  1402 | D:3      | Reached XP level 5. HP: 29/38 MP: 2/9
  1402 | D:3      | Reached XP level 6. HP: 34/45 MP: 2/10
  1413 | D:3      | Found a hazy altar of Hepliaklqana.
  1534 | D:3      | Found a burning altar of Makhleb.
  1625 | D:3      | Noticed Robin
  1663 | D:3      | Reached * piety under Cheibriados
  1683 | D:3      | Learned a level 2 spell: Passwall
  1749 | D:3      | Killed Robin
  1876 | D:3      | Found a shimmering altar of Xom.
  2001 | D:4      | Reached skill level 1 in Fighting
  2065 | D:4      | Reached skill level 1 in Conjurations
  2086 | D:4      | Reached XP level 7. HP: 40/52 MP: 1/12
  2094 | D:4      | Reached skill level 1 in Armour
  2110 | D:4      | Reached skill level 6 in Earth Magic
  2221 | D:4      | Learned a level 5 spell: Lee's Rapid Deconstruction
  2383 | D:4      | Noticed Pikel
  2456 | D:4      | Reached ** piety under Cheibriados
  2462 | D:5      | Entered Level 5 of the Dungeon
  2480 | D:5      | Found a deep blue altar of Sif Muna.
  2522 | D:5      | Found an ancient bone altar of Kikubaaqudgha.
  2640 | D:5      | Reached XP level 8. HP: 63/63 MP: 13/13
  2686 | D:5      | Found a glowing silver altar of Zin.
  2847 | D:5      | Found Jaqetoc's Antique Armour Emporium.
  2852 | D:5      | Bought a creamy pearl robe for 188 gold pieces
  2852 | D:5      | Identified the +0 robe of the Assorted Lovers {rC- rCorr Str+6} (You bought it in a shop on level 5 of the Dungeon)
  3121 | D:6      | Reached skill level 7 in Earth Magic
  3160 | D:6      | Found a shattered altar of Ashenzari.
  3165 | D:6      | Reached *** piety under Cheibriados
  3167 | D:6      | Reached skill level 5 in Spellcasting
  3495 | D:6      | Reached skill level 8 in Earth Magic
  3514 | D:6      | Found a hide-covered altar of Uskayaw.
  3552 | D:6      | Found a blossoming altar of Fedhas.
  3612 | D:7      | Reached XP level 9. HP: 69/69 MP: 5/16
  3612 | D:7      | Reached **** piety under Cheibriados
  3633 | D:7      | Found Ofobaebbi's Jewellery Shop.
  3641 | D:7      | Found a sand-covered staircase.
  3647 | Ossuary  | Entered an ossuary
  3799 | Ossuary  | Reached skill level 1 in Invocations
  4028 | D:7      | Reached ***** piety under Cheibriados
  4029 | D:7      | Reached skill level 9 in Earth Magic
  4201 | D:7      | Noticed Prince Ribbit
  4204 | D:7      | Killed Prince Ribbit
  4223 | D:7      | Reached skill level 1 in Shields
  4338 | D:8      | Noticed a two-headed ogre
  4340 | D:9      | Noticed a two-headed ogre
  4346 | D:8      | Noticed Gastronok
  4431 | D:8      | Noticed a two-headed ogre
  4433 | D:8      | Killed a two-headed ogre
  4433 | D:8      | Reached skill level 1 in Evocations
  4433 | D:8      | Reached XP level 10. HP: 80/80 MP: 7/18
  4435 | D:8      | Killed a two-headed ogre
  4435 | D:8      | Reached skill level 5 in Invocations
  4436 | D:8      | Noticed Grum
  4440 | D:8      | Found an opulent altar of Gozag.
  4464 | D:8      | Reached skill level 10 in Earth Magic
  4573 | D:7      | Found a staircase to the Ecumenical Temple.
  4701 | D:9      | Reached skill level 5 in Fighting
  4773 | D:8      | Noticed Erica
  4796 | D:8      | Killed Grum
  4873 | D:9      | Learned a level 4 spell: Summon Lightning Spire
  4882 | D:9      | Noticed Maurice
  4886 | D:9      | Killed Maurice
  4908 | D:9      | Noticed a two-headed ogre
  4921 | D:9      | Learned a level 4 spell: Petrify
  5020 | D:9      | Noticed a four-headed hydra
  5091 | D:9      | Reached skill level 1 in Summonings
  5091 | D:9      | Reached skill level 1 in Air Magic
  5141 | D:9      | Mangled by a two-headed ogre

Vault maps used:
D:1:      eino_arrival_cavern_a
D:2:      okawaru_metal_pillars_3, first_ration, kennysheep_generic_room_16
D:3:      lemuel_doored_altar, overflow_temple_1_default,
          nicolae_overflow_crystal_walls, lemuel_crystal_altar, uniq_robin,
          uniq_sigmund
D:4:      patterned_corridor, uniq_pikel
D:5:      lemuel_round_altar, serial_shops, nicolae_shop_overgrown_old_shop,
          hangedman_feature_mirror
D:6:      eat_drink_and_be_merry_uskayaw, lemuel_round_altar,
          evilmike_ruin_ashenzari, grunt_ministairs_5
D:7:      minmay_temple_entry_from_below_b, enter_ossuary_2, serial_shops, shop,
          uniq_prince_ribbit1
D:8:      grunt_gozag_statues, uniq_gastronok, uniq_erica, uniq_grum
D:9:      old_standard_altar, uniq_maurice
Ossuary:  ossuary_tomb_2

Skill      XL: |  1  2  3  4  5  6  7  8  9 10 |
---------------+-------------------------------+-----
Dodging        | 2 |  2.0
Spellcasting   | 2 3 4 5 6 7 |  7.1
Earth Magic    | 4 5 6 8 9 10 | 10.0
Fighting       | 1 3 4 5 |  5.0
Conjurations   | 1 2 3 |  3.1
Armour         | 2 |  2.1
Invocations    | 4 6 |  6.0
Shields        | 2 3 |  3.9
Evocations     | 1 3 |  3.6
Summonings     | 1 |  1.1
Air Magic      | 1 |  1.0
Stealth        | |  2.1
Transmutations | |  0.8

Action                   |  1- 3 |  4- 6 |  7- 9 | 10-12 || total
-------------------------+-------+-------+-------+-------++-------
Melee: Dagger            |       |     1 |    25 |       ||    26
 Fire: Hunting sling     |    43 |    74 |    38 |       ||   155
       Fustibalus        |       |       |   163 |    49 ||   212
       Blowgun           |       |       |     1 |       ||     1
 Cast: Sandblast         |    17 |    50 |   109 |    23 ||   199
       Stone Arrow       |       |     1 |     8 |     3 ||    12
       Passwall          |       |       |     1 |     1 ||     2
       Lee's Rapid Decon |       |       |    13 |    10 ||    23
       Petrify           |       |       |       |     4 ||     4
Invok: Slouch            |       |       |       |     1 ||     1
       Temporal Distorti |       |       |       |     1 ||     1
Evoke: Wand              |       |       |     1 |    20 ||    21
  Use: Potion            |       |     3 |       |       ||     3
       Scroll            |       |     4 |     6 |     4 ||    14
 Stab: Sleeping          |       |       |     1 |       ||     1
  Eat: Chunk             |     5 |    10 |    32 |    14 ||    61
       Ration            |       |       |       |     1 ||     1
Armor: Ring mail         |     9 |     5 |    79 |    35 ||   128
       Acid dragon scale |       |    32 |    28 |       ||    60
Dodge: Dodged            |    19 |    53 |   146 |    46 ||   264
Block: Buckler           |       |       |     4 |    45 ||    49

Table legend:
 A = Spawn XP
 B = Non-spawn XP
 C = Spawn XP percentage of total XP
 D = Spawn monster count
 E = Non-spawn monster count
 F = Spawn count percentage of total count
 G = Total turns spent on level
                    A         B        C        D         E        F      G
               +---------+---------+-------+---------+---------+-------+---------
         Total |       0 |    9205 |   0.0 |       0 |     220 |   0.0 |  5141
               +---------+---------+-------+---------+---------+-------+---------
           D:1 |       0 |      12 |   0.0 |       0 |       8 |   0.0 |   581
           D:2 |       0 |      92 |   0.0 |       0 |      18 |   0.0 |   755
           D:3 |       0 |     341 |   0.0 |       0 |      31 |   0.0 |   714
           D:4 |       0 |     321 |   0.0 |       0 |      21 |   0.0 |   428
           D:5 |       0 |     578 |   0.0 |       0 |      11 |   0.0 |   518
           D:6 |       0 |     987 |   0.0 |       0 |      32 |   0.0 |   605
           D:7 |       0 |    1507 |   0.0 |       0 |      28 |   0.0 |   435
           D:8 |       0 |    3321 |   0.0 |       0 |      27 |   0.0 |   504
           D:9 |       0 |    1836 |   0.0 |       0 |      15 |   0.0 |   356
       Ossuary |       0 |     210 |   0.0 |       0 |      29 |   0.0 |   245
               +---------+---------+-------+---------+---------+-------+---------
